 Dungeon Sprint DCSS version 0.16-a0-3946-g4f19e5c (webtiles) character file.

327 PolkaDot the Summoner (level 6, -5/53 HPs)
             Began as a Vampire Summoner on Feb 9, 2015.
             Was an Initiate of Ashenzari.
             Slain by a toenail golem (13 damage)
             ... in the Dungeon (Sprint V: "Ziggurat Sprint").
             The game lasted 00:02:44 (216 turns).

PolkaDot the Summoner (Vampire Summoner)             Turns: 216, Time: 00:02:45

Health: -5/53      AC:  2    Str: 12    XL:     6   Next: 24%
Magic:  6/18       EV: 18    Int: 31    God:    Ashenzari [......]
Gold:   0          SH:  0    Dex: 19    Spells: 2 memorised, 13 levels left

rFire  . . .     SeeInvis +     A - staff of energy
rCold  . . .     Clarity  .     a - +0 robe
rNeg   + . .     SustAb   .     (no shield)
rPois  .         Gourm    .     (no helmet)
rElec  .         Spirit   .     (no cloak)
rCorr  .         Warding  .     (no gloves)
rMut   .         NoTele   +     (no boots)
MR     .....                    (no amulet)
Stlth  ++++......               C - +6 ring of intelligence
                                B - +6 ring of intelligence

@: mighty, agile, not resistant to hostile enchantments, stealthy
A: bottle blood, fangs 3, see invisible, unbreathing
a: Bat Form, Renounce Religion


You were in the Dungeon.
You worshipped Ashenzari.
Ashenzari was noncommittal.
You were not thirsty.

You visited 1 branch

Inventory:

Armour
 a - a +0 robe (worn)
Magical staves
 A - an uncursed staff of energy (weapon)
Jewellery
 B - a +6 ring of intelligence (left hand)
 C - a +6 ring of intelligence (right hand)
Magical devices
 w - a wand of disintegration (7)
 x - a wand of fire (5)
 y - a wand of cold (5)
 z - a wand of draining (5)
Scrolls
 i - 4 scrolls of blinking
 q - 4 scrolls of amnesia
 r - 3 scrolls of recharging
 s - 7 scrolls of fog
 t - 5 scrolls of identify
 u - 5 scrolls of remove curse
 v - 2 scrolls of fear
Potions
 d - 10 potions of curing
 e - a potion of heal wounds
 f - 6 potions of haste
 g - 7 potions of magic
 h - 3 potions of berserk rage
 j - 2 potions of brilliance
 k - 2 potions of invisibility
 l - 2 potions of restore abilities
 m - 4 potions of resistance
 o - 4 potions of agility
 p - 4 potions of might
Books
 b - a book of Callings

   Spells                             Type                      Level
   a - Summon Small Mammal            Summoning                    1
   b - Call Imp                       Summoning                    2
   c - Call Canine Familiar           Summoning                    3
   d - Summon Guardian Golem          Hexes/Summoning              4
   e - Summon Lightning Spire         Summoning/Air                4
   f - Summon Ice Beast               Ice/Summoning                4


   Skills:
 - Level 6.7 Fighting
 - Level 2.1 Dodging
 - Level 3.0 Stealth
 + Level 5.7 Spellcasting
 * Level 9.3 Summonings
 + Level 5.7 Evocations


You had 13 spell levels left.
You knew the following spells:

 Your Spells              Type           Power        Failure   Level  Hunger
s - Call Imp              Summ           ######..     1%          2    None
z - Summon Small Mammal   Summ           ####         1%          1    None


Dungeon Overview and Level Annotations

Branches:
Dungeon (1/1)

Altars:
Ashenzari
Cheibriados
Dithmenos
Elyvilon
Fedhas
Gozag
Kikubaaqudgha
Makhleb
Nemelex Xobeh
Okawaru
Qazlal
Ru
Sif Muna
Trog
Vehumet
Xom
Yredelemnul
Zin
The Shining One
Beogh
Jiyva
Lugonu


Innate Abilities, Weirdness & Mutations

You can bottle blood from corpses.
You have razor-sharp teeth.
You have supernaturally acute eyesight.
You can survive without breathing.


Message History

* * * LOW HITPOINT WARNING * * *
The toenail golem hits you.
* * * LOW HITPOINT WARNING * * *
You hit the toenail golem but do no damage.
The toenail golem is severely damaged.
The toenail golem hits you.
* * * LOW HITPOINT WARNING * * *
Drink which item? (? for menu, Esc to quit)
You feel much better. The toenail golem closely misses you.
You hit the toenail golem.
The toenail golem is almost destroyed.
The toenail golem barely misses you.
You hit the toenail golem. You bite the toenail golem.
The toenail golem is almost destroyed.
The toenail golem hits you!
* * * LOW HITPOINT WARNING * * *
You hit the toenail golem but do no damage.
The toenail golem is almost destroyed.
The toenail golem hits you!
You die...

▓▓▓▓▓▓▓
▓.8©8.▓
▓.....▓
▓.}.}.▓
▓.....▓
▓...8.▓
▓..@..▓
▓▓▓▓▓▓▓


You could see a toenail golem.

Vanquished Creatures
  A toenail golem (D)
1 creature vanquished.

Vanquished Creatures (others)
  A spatial maelstrom (D)
  A bat (D)
2 creatures vanquished.

Grand Total: 3 creatures vanquished

Notes
Turn   | Place    | Note
--------------------------------------------------------------
     0 | D        | PolkaDot, the Vampire Summoner, began the quest for the Orb.
     0 | D        | Reached XP level 1. HP: 13/13 MP: 3/3
     0 | D        | Found a corrupted altar of Lugonu.
     0 | D        | Found a viscous altar of Jiyva.
     0 | D        | Found a white marble altar of Elyvilon.
     0 | D        | Found a burning altar of Makhleb.
     0 | D        | Found an iron altar of Okawaru.
     2 | D        | Found a sparkling altar of Nemelex Xobeh.
     2 | D        | Found a basalt altar of Yredelemnul.
     2 | D        | Found a deep blue altar of Sif Muna.
     2 | D        | Found a radiant altar of Vehumet.
     2 | D        | Banished a spatial maelstrom
     6 | D        | Found a bloodstained altar of Trog.
    13 | D        | Found a shimmering altar of Xom.
    19 | D        | Became a worshipper of Ashenzari the Shackled
    36 | D        | Reached skill level 6 in Fighting
    36 | D        | Reached XP level 2. HP: 16/29 MP: 4/4
    40 | D        | Learned a level 2 spell: Call Imp
   182 | D        | Entered arena 1.
   182 | D        | Noticed a toenail golem
   182 | D        | Noticed a toenail golem
   204 | D        | Killed a toenail golem
   204 | D        | Reached skill level 5 in Spellcasting
   204 | D        | Reached skill level 9 in Summonings
   204 | D        | Reached skill level 5 in Evocations
   204 | D        | Reached XP level 3. HP: 12/35 MP: 4/11
   204 | D        | Reached XP level 4. HP: 14/41 MP: 4/13
   204 | D        | Reached XP level 5. HP: 16/47 MP: 4/16
   204 | D        | Reached XP level 6. HP: 18/53 MP: 4/18
   216 | D        | Slain by a toenail golem

Action                   |  1- 3 |  4- 6 || total
-------------------------+-------+-------++-------
Melee: Staff             |    12 |    10 ||    22
 Cast: Summon Small Mamm |     1 |       ||     1
  Use: Potion            |    11 |     2 ||    13
